 Dungeon Crawl Stone Soup version 0.32-a0-868-g153ae1a8d6 (webtiles) character file.

Game seed: 16163025353532127003

126 Xavori the Trooper (level 5, 0/36 HPs)
             Began as a Djinni Chaos Knight on Mar 28, 2024.
             Was a Plaything of Xom.
             Slain by a river rat (5 damage)
             ... in a sewer.
             The game lasted 00:01:59 (8224 turns).

Xavori the Trooper (Djinni Chaos Knight)            Turns: 8224, Time: 00:02:00

Health: 0/36       AC:  7    Str: 11    XL:     5   Next: 32%
Gold:   102        EV:  1    Int: 14    God:    Xom [..*...] SH:  0 Dex: 16

rFire   + + .        a - +0 falchion (chaos)
rCold   x . .        (no shield)
rNeg    . . .        b - +2 leather armour
rPois   ∞            (helmet restricted)
rElec   .            (no cloak)
rCorr   .            (no gloves)
SInv    .            (boots unavailable)
Will    .....        (no amulet)
Stlth   ++           (no ring)
HPRegen 0.26/turn    (no ring)
MPRegen 0.00/turn

%: infuse magic (-1 HP)
@: flying, constricted
A: sickness immunity, fire resistance 2, cold vulnerability 1, float, innate
caster, HP casting, extra vitality 1, horns 1, iridescent scales 1, thin
skeletal structure 1, frail 1, inability to read after injury 1
a: Renounce Religion


You were in a sewer.
You worshipped Xom.
You were a toy of Xom.
You visited 1 branch of the dungeon, and saw 3 of its levels.
You also visited: Sewer.

You collected 102 gold pieces.

Inventory:

Hand Weapons
 a - a +0 falchion of chaos (weapon)
Armour
 b - a +2 leather armour (worn)
Wands
 k - a wand of iceblast (11)
Scrolls
 c - a scroll of butterflies
 f - 3 scrolls of identify {unknown}
 g - 5 scrolls of immolation
 h - a scroll of teleportation {unknown}
 i - a scroll of enchant armour {unknown}
 j - a scroll of silence {unknown}
Potions
 d - 3 potions of heal wounds {unknown}
 e - a potion of enlightenment {unknown}


   Skills:
 + Level 3.5 Fighting
 + Level 3.1 Long Blades
 + Level 2.0 Armour
 + Level 2.9 Dodging
 * Level 1.8 Spellcasting
 * Level 1.8 Conjurations
 * Level 1.8 Hexes
   Level 0.0 Charms
 * Level 1.8 Summonings
 * Level 1.8 Necromancy
 * Level 1.8 Translocations
   Level 0.0 Transmutations
 * Level 1.8 Fire Magic
 * Level 1.8 Ice Magic
 * Level 1.8 Air Magic
 * Level 1.8 Earth Magic
 * Level 1.8 Alchemy


You knew the following spells:

 Your Spells              Type           Power      Damage    Failure   Level
a - Slow                  Hex            24%        N/A       16%         1
b - Searing Ray           Conj           12%        2d4       22%         2
Your spell library was empty.

Dungeon Overview and Level Annotations

Branches:
Dungeon (3/15)              Sewer (1/1)

Altars:
Xom


Innate Abilities, Weirdness & Mutations

You are immune to sickness and miasma.
You are immune to poison.
Your flesh is very heat resistant. (rF++)
You are vulnerable to cold. (rC-)
You float through the air rather than walking.
You learn spells naturally, not from books.
Your magical power is your life essence.
You have superior vitality. (+4 MHP)
You have a pair of small horns on your head.
You are partially covered in iridescent scales. (AC +2)
You have a somewhat thin skeletal structure. (Dex +2, Stealth+)
You are frail. (-10% HP)
You occasionally lose the ability to read scrolls when taking damage.


Message History

The ball python constricts you. The adder bites you but does no damage.
The adder bites you.
You emit a cloud of colourful smoke!
You completely miss the adder. You headbutt the adder.
The adder is almost dead.
The adder bites you.
The ball python bites you but does no damage.
The ball python constricts you.
* * * LOW HITPOINT WARNING * * *
The river rat bites you but does no damage.
The adder bites you but does no damage. x2
The ball python bites you but does no damage.
The ball python constricts you.
* * * LOW HITPOINT WARNING * * *
The river rat completely misses you.
Unknown command.
You barely miss the adder.
The adder is almost dead.
The adder bites you but does no damage. x2; The ball python barely misses you.
The ball python constricts you. The adder bites you but does no damage.
The river rat bites you.
* * * LOW HITPOINT WARNING * * *
Unknown command.
Unknown command.
You closely miss the adder.
The adder is almost dead.
The adder bites you but does no damage.
The ball python bites you but does no damage.
The ball python constricts you. The adder bites you but does no damage.
The adder barely misses you. The river rat barely misses you.
The ball python bites you.
* * * LOW HITPOINT WARNING * * *
The ball python constricts you.
* * * LOW HITPOINT WARNING * * *
The adder barely misses you.
Unknown command.
You barely miss the adder. Your headbutt misses the adder.
The adder is almost dead.
The adder bites you but does no damage. The river rat bites you.
You die...

##...#≈≈≈≈≈≈≈≈≈≈≈≈≈≈≈......#
######################....#
##...## ##...# #...# ##.†.#
##...##
####################....#
###..~≈≈≈rS@≈≈≈≈≈≈≈≈......#
#....≈≈r≈≈SSr≈≈≈≈≈~≈.....##
.....~~~r≈≈≈≈≈≈≈~~~~.....#
.....~~≈rr≈≈~≈~~#~~~.....#
.....~≈≈~≈~~≈≈~~~≈~≈....##
....#≈≈≈≈≈~~~.~≈~≈≈≈#.###
...#################### ..#
.#


You could see 2 adders, 2 river rats, a ball python and 4 rats.

Vanquished Creatures
  Jessica (D:2)
  3 adders
  2 dart slugs
  3 bats
  4 endoplasms
  3 giant cockroaches
  8 hobgoblins
  4 jackals (D:1)
  5 kobolds
  A quokka (D:3)
  5 ball pythons
  6 frilled lizards
  8 goblins
  13 rats
66 creatures vanquished.

Notes
Turn   | Place    | Note
-------+----------+-------------------------------------------
     0 | D:1      | Xavori the Djinni Chaos Knight began the quest for the Orb.
     0 | D:1      | Reached XP level 1. HP: 20/20 MP: 0/0
   147 | D:1      | XOM: silly message
   152 | D:1      | Reached XP level 2. HP: 25/25 MP: 0/0
   163 | D:1      | XOM: silly message
   387 | D:1      | Reached XP level 3. HP: 30/30 MP: 0/0
   387 | D:1      | Learned a level 1 spell: Slow
   391 | D:1      | Reached skill level 1 in Spellcasting
   391 | D:1      | Reached skill level 1 in Conjurations
   391 | D:1      | Reached skill level 1 in Hexes
   391 | D:1      | Reached skill level 1 in Summonings
   391 | D:1      | Reached skill level 1 in Necromancy
   391 | D:1      | Reached skill level 1 in Translocations
   391 | D:1      | Reached skill level 1 in Fire Magic
   391 | D:1      | Reached skill level 1 in Ice Magic
   391 | D:1      | Reached skill level 1 in Air Magic
   391 | D:1      | Reached skill level 1 in Earth Magic
   391 | D:1      | Reached skill level 1 in Alchemy
   462 | D:1      | XOM: divination: detect items
  1049 | D:1      | XOM: silly message
  1249 | D:1      | XOM: god gift: 31 gold pieces
  1250 | D:1      | XOM: silly message
  1541 | D:1      | XOM: cloud trail
  1841 | D:1      | XOM: divination: detect creatures
  2046 | D:1      | XOM: divination: magic mapping
  2185 | D:1      | XOM: silly message
  2579 | D:1      | XOM: summons 3 hostile shadow creatures
  2585 | D:1      | XOM: butterfly on damage
  2656 | D:1      | XOM: summons 2 hostile demons
  2657 | D:1      | Noticed an orange demon
  2657 | D:1      | Noticed a soul eater
  3354 | D:1      | XOM: noise
  3764 | D:1      | XOM: god gift: robe {god gift}
  4417 | D:1      | XOM: give mutations
  4417 | D:1      | Gained mutation: Your mind is acute. (Int +4, Str/Dex -1)
                  | [Xom's grace]
  4417 | D:1      | Gained mutation: You have hidden genetic potential. [Xom's
                  | grace]
  4417 | D:1      | Gained mutation: You have a somewhat thin skeletal
                  | structure. (Dex +2, Stealth+) [Xom's grace]
  4605 | D:1      | XOM: scenery: create altars
  4798 | D:1      | XOM: god gift: flux talisman
  5321 | D:1      | XOM is BORED!
  5321 | D:1      | XOM: noise
  5620 | D:1      | XOM is BORED!
  5620 | D:1      | XOM: give mutation
  5620 | D:1      | Gained mutation: You passively dampen the noise of your
                  | surroundings. [Xom's mischief]
  5904 | D:1      | XOM: silly message
  6356 | D:1      | XOM: summons 2 hostile demons
  6497 | D:2      | XOM: scenery: summon butterflies
  6719 | D:1      | XOM: give mutations
  6719 | D:1      | Lost mutation: You have hidden genetic potential. [Xom's
                  | mischief]
  6719 | D:1      | Gained mutation: You are agile. (Dex +4, Str/Int -1) [Xom's
                  | mischief]
  6929 | D:1      | XOM: summons 2 hostile demons
  7146 | D:2      | XOM: give mutations
  7146 | D:2      | Gained mutation: You have a pair of small horns on your
                  | head. [Xom's mischief]
  7146 | D:2      | Gained mutation: You are partially covered in iridescent
                  | scales. (AC +2) [Xom's mischief]
  7146 | D:2      | Gained mutation: You occasionally lose the ability to read
                  | scrolls when taking damage. [Xom's mischief]
  7146 | D:2      | Lost mutation: You passively dampen the noise of your
                  | surroundings. [Xom's mischief]
  7226 | D:2      | Found a faded altar of an unknown god.
  7271 | D:2      | Reached XP level 4. HP: 35/35 MP: 0/0
  7320 | D:2      | Noticed Jessica
  7325 | D:2      | XOM: divination: magic mapping
  7328 | D:2      | Killed Jessica
  7506 | D:2      | XOM: 3-stop teleportation journey
  7769 | D:2      | XOM: give mutations
  7769 | D:2      | Lost mutation: Your mind is acute. (Int +4, Str/Dex -1)
                  | [Xom's mischief]
  7769 | D:2      | Lost mutation: You are agile. (Dex +4, Str/Int -1) [Xom's
                  | mischief]
  7769 | D:2      | Gained mutation: You are frail. (-10% HP) [Xom's mischief]
  8008 | D:3      | Reached XP level 5. HP: 36/36 MP: 0/0
  8008 | D:3      | Learned a level 2 spell: Searing Ray
  8109 | D:3      | Found a glowing drain.
  8118 | Sewer    | Entered a sewer
  8220 | Sewer    | XOM: smoke on damage
  8224 | Sewer    | Slain by a river rat

Illustrated notes

Levels and vault maps discovered:
D:1:      tarquinn_simple_flora_water_b, layout_rooms
D:2:      layout_basic, hellmonk_ecumenical_altar_blasted, uniq_jessica
D:3:      layout_loops_corners, gup_sewer_entry_pipe, serial_shops,
          nicolae_square_shop, minmay_door_square, kennysheep_nub, minivault_19,
          uniq_robin
Sewer:    sewer_minmay_w

Skill      XL: |  1  2  3  4  5 |
---------------+----------------+-----
Spellcasting   | 1 |  1.8
Conjurations   | 1 |  1.8
Hexes          | 1 |  1.8
Summonings     | 1 |  1.8
Necromancy     | 1 |  1.8
Translocations | 1 |  1.8
Fire Magic     | 1 |  1.8
Ice Magic      | 1 |  1.8
Air Magic      | 1 |  1.8
Earth Magic    | 1 |  1.8
Alchemy        | 1 |  1.8
Long Blades    | 3 |  3.1
Armour         | 2 |  2.0
Fighting       | |  3.5
Dodging        | |  2.9

Action                     |  1- 3 |  4- 6 || total
---------------------------+-------+-------++-------
  Melee: Falchion          |    92 |    79 ||   171
         Headbutt          |       |    14 ||    14
   Stab: Paralysed         |     1 |       ||     1
         Sleeping          |     2 |     5 ||     7
         Distracted        |       |     1 ||     1
 Armour: Leather armour    |    59 |   115 ||   174
  Dodge: Dodged            |    71 |    90 ||   161

Table legend: (Time is in decaauts)
 A = Elapsed time spent in this place.
 B = Non-inter-level travel time spent in this place.
 C = Inter-level travel time spent in this place.
 D = Time resting spent in this place.
 E = Time spent auto-exploring this place.
 F = Levels seen in this place.
 G = Mean time per level.
                   A        B        C        D        E       F      G
               +--------+--------+--------+--------+--------+-----+--------+
         Total |   8252 |   8222 |     30 |   6437 |   1380 |   4 | 2063.0 |
       Dungeon |   8141 |   8111 |     30 |   6437 |   1328 |   3 | 2713.7 |
         Sewer |    111 |    111 |      0 |      0 |     52 |   1 |  111.0 |
               +--------+--------+--------+--------+--------+-----+--------+

Top non-repeatable levels by time:
     D:1: 6361 daAuts
     D:2: 1663 daAuts
     D:3: 116 daAuts
   Sewer: 111 daAuts
